 Seeded DCSS version 0.25.1-11-g244df3a29b (webtiles) character file.

Game seed: 20220407 (custom seed)

28 ImHallYall the Grave Robber (level 2, -4/20 HPs)
             Began as a Demigod Necromancer on Apr 7, 2022.
             Killed from afar by Sigmund (5 damage)
             ... with a magic dart
             ... on level 2 of the Dungeon.
             The game lasted 00:05:35 (1715 turns).

ImHallYall the Grave Robber (Demigod Necromancer)   Turns: 1715, Time: 00:05:36

Health: -4/20      AC:  5    Str: 11    XL:     2   Next: 78%
Magic:  7/7        EV: 11    Int: 19    God:
Gold:   34         SH:  0    Dex: 16    Spells: 3/5 levels left

rFire    . . .     SeeInvis .   h - +0 mace
rCold    . . .     Gourm    .   (no shield)
rNeg     . . .     Faith    .   e - +0 ring mail
rPois    .         Spirit   .   (no helmet)
rElec    .         Reflect  .   (no cloak)
rCorr    .         Harm     .   (no gloves)
MR       .....                  (no boots)
Stlth    +.........             (no amulet)
HPRegen  0.06/turn              (no ring)
MPRegen  0.10/turn              (no ring)

@: no status effects
A: high mp 1
a: no special abilities


You were on level 2 of the Dungeon.
You were near starving.

You visited 1 branch of the dungeon, and saw 2 of its levels.

You collected 34 gold pieces.

Inventory:

Hand Weapons
 b - a +0 short sword
 h - a +0 mace (weapon)
 i - a +0 antimagic dagger
Armour
 a - a +0 robe
 e - a +0 ring mail (worn)
Scrolls
 d - a scroll of amnesia {unknown}
 k - a scroll of enchant weapon {unknown}
Potions
 f - a potion of mutation {unknown}
 g - a potion of cancellation {unknown}
 j - a potion of invisibility {unknown}
Comestibles
 c - 3 rations


   Skills:
 + Level 0.4 Maces & Flails
 + Level 0.1 Armour
 + Level 1.9 Dodging
 + Level 1.7 Stealth
 + Level 2.0 Spellcasting
 + Level 4.1 Necromancy


You had 3 spell levels left.
You knew the following spells:

 Your Spells              Type           Power        Failure   Level  Hunger
a - Pain                  Necr           ###.         8%          1    #......
b - Animate Skeleton      Necr           N/A          8%          1    #......

Your spell library contained the following spells:

 Spells                   Type           Power        Failure   Level  Hunger
 Vampiric Draining        Necr           ###.......   22%         3    ###....
 Animate Dead             Necr           N/A          58%         4    #####..
 Agony                    Necr           ###.....     90%         5    ######.


Dungeon Overview and Level Annotations

Branches:
Dungeon (2/15)

Annotations:
D:2 Sigmund


Innate Abilities, Weirdness & Mutations

You have an increased reservoir of magic. (+10% MP)


Message History

Sigmund casts a spell at you. The magic dart hits you.
You hit Sigmund.
Sigmund is lightly wounded.
The goblin hits you but does no damage.
Sigmund screams, "Die, monster!"
Sigmund barely misses you. The goblin hits you with a +0 dagger.
You closely miss Sigmund.
Sigmund is lightly wounded.
The goblin barely misses you. Sigmund completely misses you.
You closely miss Sigmund.
Sigmund is lightly wounded.
The goblin hits you with a +0 dagger. Sigmund hits you with a +0 scythe!
* * * LOW HITPOINT WARNING * * *
You sock Sigmund!
Sigmund is moderately wounded.
The goblin misses you. The goblin hits you but does no damage.
Sigmund points at you and mumbles some strange words.
The magic dart hits you.
You die...

### #### #..# ##... #..#
##.... #..# #..... # #.. #
#.....
#.###.###.######.....
#.................... #.
#####g@..# ###.###.#..
##.###....@.#.# #.....#.#..
.......###....###.#.#.###..
.......###.##.....[........
.......(...##.###.#.#.###..
........#..##.#...#.#...#.#
........#.###.#.###.###.#..
..........# #.........)....
.......#..#####............
########..#.....#.###.>....


You could see Sigmund and a goblin.

Vanquished Creatures
  2 dart slugs (D:1)
  2 leopard geckos
  3 bats (D:1)
  3 goblins
  3 hobgoblins
  2 kobolds (D:1)
  A ball python (D:1)
  4 frilled lizards (D:1)
  4 rats
24 creatures vanquished.

Notes
Turn   | Place    | Note
-------+----------+-------------------------------------------
     0 | D:1      | ImHallYall the Demigod Necromancer began the quest for the
                  | Orb.
     0 | D:1      | Reached XP level 1. HP: 14/14 MP: 5/5
   492 | D:1      | Reached skill level 4 in Necromancy
   689 | D:1      | Reached XP level 2. HP: 19/20 MP: 7/7
  1632 | D:2      | Learned a level 1 spell: Animate Skeleton
  1701 | D:2      | Noticed Sigmund
  1714 | D:2      | HP: 1/20 [Sigmund/+0 scythe (9)]
  1715 | D:2      | Killed from afar by Sigmund

Illustrated notes

Levels and vault maps discovered:
D:1:      lightli_arrival_statue_moat, layout_rooms, minmay_hexomino_f4
D:2:      kennysheep_the_goblin_king, layout_rooms, lemuel_crystal_altar,
          nicolae_ru_path_of_blood, minmay_misc_feat_roman,
          grunt_decor_one_mirror, uniq_sigmund

Skill      XL: |  1  2 |
---------------+-------+-----
Necromancy     | 4 |  4.1
Spellcasting   | 2 |  2.0
Maces & Flails | |  0.4
Armour         | |  0.1
Dodging        | |  1.9
Stealth        | |  1.7

Action                   || total
-------------------------++-------
Melee: Short sword       ||    15
       Mace              ||    52
 Cast: Pain              ||    11
  Use: Scroll            ||     2
  Eat: Chunk             ||     1
Armor: Ring mail         ||    36
       Robe              ||     3
Dodge: Dodged            ||    73
